 Dungeon Crawl Stone Soup version 0.30-a0-652-gcc886f7154 (webtiles) character file.

Game seed: 7172467649121540788

303 drugrobin the Insei (level 5, -25/42 HPs)
             Began as a Demigod Delver on Jan 18, 2023.
             Annihilated by an ogre
             ... wielding a +0 giant spiked club
              (31 damage)
             ... on level 3 of the Dungeon.
             The game lasted 00:09:16 (3182 turns).

drugrobin the Insei (Demigod Delver)                Turns: 3182, Time: 00:09:17

Health: -25/42     AC:  7    Str: 13    XL:     5   Next: 91%
Magic:  16/16      EV: 11    Int: 12    God:
Gold:   186        SH:  0    Dex: 19    Spells: 2/4 levels left

rFire   . . .      SeeInvis .    b - +0 sling
rCold   . . .      Faith    .    (no shield)
rNeg    . . .      Spirit   .    p - +0 ring mail
rPois   .          Reflect  .    i - +0 helmet
rElec   .          Harm     .    (no cloak)
rCorr   .          Rampage  .    o - +0 pair of gloves
Will    .....                    (no boots)
Stlth   ++                       (no amulet)
HPRegen 0.27/turn                g - ring of magical power
MPRegen 0.15/turn                (no ring)

@: no status effects
A: high MP 1, forlorn, divine attributes
a: no special abilities


You were on level 3 of the Dungeon.
You visited 1 branch of the dungeon, and saw 5 of its levels.

You collected 201 gold pieces.
You spent 15 gold pieces at shops.

Inventory:

Hand Weapons
 b - a +0 sling (weapon)
 r - a +2 mace of holy wrath
Missiles
 h - 4 atropa-tipped darts
 y - a boomerang
Armour
 a - a +0 leather armour
 i - a +0 helmet (worn)
 o - a +0 pair of gloves (worn)
 p - a +0 ring mail (worn)
Jewellery
 g - a ring of magical power (left hand)
 w - a ring of fire
Wands
 f - a wand of digging (2)
Scrolls
 c - a scroll of fog
 d - 4 scrolls of poison {unknown}
 m - a scroll of enchant weapon {unknown}
 q - a scroll of butterflies {unknown}
 s - a scroll of amnesia {unknown}
 u - 3 scrolls of identify {unknown}
 v - a scroll of vulnerability {unknown}
 x - a scroll of silence {unknown}
Potions
 e - a potion of haste
 j - a potion of attraction {unknown}
 k - 2 potions of mutation {unknown}
 l - 2 potions of brilliance {unknown}
 n - a potion of resistance {unknown}
 t - a potion of lignification {unknown}
 z - a potion of curing {unknown}


   Skills:
 - Level 2.6 Fighting
 - Level 1.7 Dodging
 - Level 4.5 Stealth
 + Level 5.5 Unarmed Combat
 - Level 2.0 Transmutations


You had 2 spell levels left.
You knew the following spells:

 Your Spells              Type           Power      Damage    Failure   Level
a - Wereblood             Tmut           4%         N/A       43%         2

Your spell library contained the following spells:

 Spells                   Type           Power      Damage    Failure   Level
 Sublimation of Blood     Necr           0%         N/A       73%         2
 Ozocubu's Armour         Ice            0%         N/A       91%         3
 Blade Hands              Tmut           2%         N/A       100%        5
 Irradiate                Conj/Tmut      1%         3d12      100%        5
 Dragon Form              Tmut           2%         N/A       100%        7
 Ozocubu's Refrigeration  Ice            0%         4d7       100%        7
 Summon Hydra             Summ           0%         N/A       100%        7


Dungeon Overview and Level Annotations

Branches:
Dungeon (5/15)             Temple (0/1) D:5

Shops:
D:2 [   D:3 (([!


Innate Abilities, Weirdness & Mutations

You have an increased reservoir of magic. (+10% MP)
You shall have no god before yourself.
Your divine heritage dramatically boosts your attributes as you level up.


Message History

A goblin comes into view. It is wielding a +0 club.
Unknown command.
Unknown command.
The goblin shouts!
There is a stone staircase leading up here.
Fire: b) +0 sling
Press: ? - help, Q - select action, (/) - cycle Shift-Dir - straight line, f - goblin
Aim: a goblin, wielding a +0 club and wearing a +0 ring mail (55% to hit)
You shoot a sling bullet.
The sling bullet hits the goblin but does no damage.
Unknown command.
Unknown command.
Fire: b) +0 sling
Press: ? - help, Q - select action, (/) - cycle Shift-Dir - straight line, f/p - goblin
Aim: a goblin, wielding a +0 club and wearing a +0 ring mail (55% to hit)
You shoot a sling bullet.
The sling bullet closely misses the goblin.
The sling bullet barely misses the ogre.
The goblin barely misses you. The goblin hits you with a +0 club.
Unknown command.
The goblin hits you with a +0 club.
The ogre hits you with a +0 giant spiked club!
You climb upwards.
There is a stone staircase leading down, spattered with blood here.
The goblin hits you but does no damage. The ogre attacks as you move away!
The ogre hits you with a +0 giant spiked club!!
Ouch! That really hurt!
* * * LOW HITPOINT WARNING * * *
The goblin hits you but does no damage.
Unknown command.
Unknown command.
Okay, then.
Unknown command.
Unknown command.
The goblin attacks as you move away! The goblin completely misses you.
The ogre attacks as you move away!
The ogre hits you with a +0 giant spiked club!!
Ouch! That really hurt!
You die...

#...#.......#......#####..##.# #
............########...#..##.# #
.............)...# #.8.#..##.# #
...............⌠.###...#####.# #
..........................##.# #
.............###.)......<.##.# #
............## #..........##.# #
.......#########.......#####.# #
.......# #..g@......# ###.####
.......# #.>O..)....###'.....#
.......# #..............#.##.#
.......#########...###.⌠.........
...............#.8.# #.......<#.#
...............#...#########.##..
...............#####.#........###
.................#.....#.###..#
.................#.........#..#


You could see an ogre and a goblin.

Vanquished Creatures
  An ogre (D:4)
  An iguana (D:4)
  9 adders
  4 gnolls
  A worm (D:2)
  3 dart slugs
  7 orcs
  8 ball pythons
  3 endoplasms
  2 giant cockroaches
  5 goblins
  3 hobgoblins
  6 jackals
  2 quokkas
  A bat (D:1)
  4 frilled lizards
  2 kobolds
  10 rats
72 creatures vanquished.

Notes
Turn   | Place    | Note
-------+----------+-------------------------------------------
     0 | D:5      | drugrobin the Demigod Delver began the quest for the Orb.
     0 | D:5      | Reached XP level 1. HP: 18/18 MP: 3/3
     1 | D:5      | Noticed a black bear
     2 | D:5      | Noticed a hound
    20 | D:5      | Found a staircase to the Ecumenical Temple.
    41 | D:4      | Noticed an iguana
    93 | D:3      | Reached skill level 2 in Unarmed Combat
    96 | D:3      | Found Fotamuc's Weapon Boutique.
   136 | D:3      | Bought a +0 sling for 15 gold pieces
   148 | D:3      | Found Eblofas's Distillery.
   390 | D:1      | Reached XP level 2. HP: 25/25 MP: 4/4
   564 | D:1      | Reached skill level 3 in Unarmed Combat
  1041 | D:2      | Reached XP level 3. HP: 29/30 MP: 5/5
  1168 | D:2      | Found Nadeot's Armour Shoppe.
  1692 | D:2      | Learned a level 2 spell: Wereblood
  1897 | D:3      | Reached skill level 1 in Transmutations
  1897 | D:3      | Reached XP level 4. HP: 35/37 MP: 6/6
  1983 | D:3      | Reached skill level 4 in Unarmed Combat
  2075 | D:3      | Found Jatomi's Antique Weapon Boutique.
  2193 | D:3      | Found Ymara's Armour Emporium.
  2680 | D:4      | Noticed an ogre
  2692 | D:4      | Killed an ogre
  2693 | D:4      | Reached skill level 5 in Unarmed Combat
  2693 | D:4      | Reached XP level 5. HP: 28/42 MP: 7/7
  3149 | D:4      | Noticed an ogre
  3182 | D:3      | Annihilated by an ogre

Illustrated notes

Levels and vault maps discovered:
D:1:      amcnicky_arrival_single_pillar, layout_loops_ring, st_stairs_1,
          minmay_pentomino_p2
D:2:      layout_basic, shapermc_ecumenical_altar_notcrosses, serial_shops,
          nicolae_diamond_shop
D:3:      layout_basic, bloody_makhleb, serial_shops,
          nicolae_shop_competitors_out_of_business, shop, shop_fountains,
          nicolae_square_shop, nicolae_elevator_lobby_asterisk
D:4:      minmay_chambers_of_threes, layout_gridville
D:5:      layout_rooms, lemuel_doored_altar, minmay_temple_entry_offerings

Skill      XL: |  1  2  3  4 |
---------------+-------------+-----
Unarmed Combat | 2 3 5 |  5.5
Transmutations | 1 2 |  2.0
Fighting       | |  2.6
Dodging        | |  1.7
Stealth        | |  4.5

Action                   |  1- 3 |  4- 6 || total
-------------------------+-------+-------++-------
Melee: Unarmed           |   116 |    91 ||   207
       Punch             |     1 |     5 ||     6
 Fire: Sling             |    64 |    45 ||   109
Throw: Dart              |     1 |     1 ||     2
 Cast: Wereblood         |       |     2 ||     2
Evoke: Wand              |     1 |       ||     1
  Use: Scroll            |     2 |       ||     2
 Stab: Sleeping          |     1 |     1 ||     2
       Invisible         |     1 |       ||     1
Armor: Leather armour    |    21 |       ||    21
       Ring mail         |    15 |    32 ||    47
Dodge: Dodged            |    77 |    61 ||   138

Table legend: (Time is in decaauts)
 A = Elapsed time spent in this place.
 B = Non-inter-level travel time spent in this place.
 C = Inter-level travel time spent in this place.
 D = Time resting spent in this place.
 E = Time spent auto-exploring this place.
 F = Levels seen in this place.
 G = Mean time per level.
                   A        B        C        D        E       F      G
               +--------+--------+--------+--------+--------+-----+--------+
         Total |   3193 |   3052 |    141 |    283 |   1818 |   5 |  638.6 |
       Dungeon |   3193 |   3052 |    141 |    283 |   1818 |   5 |  638.6 |
               +--------+--------+--------+--------+--------+-----+--------+

Top non-repeatable levels by time:
     D:3: 1107 daAuts
     D:2: 792 daAuts
     D:1: 780 daAuts
     D:4: 481 daAuts
     D:5: 32 daAuts
